 Dungeon Crawl Stone Soup version 0.30-b1-5-g8e6c1be481 (webtiles) character file.

Game seed: 12581963705941774873

14 Ekphrasis the Conjurer (level 2, 2/20 HPs)
             Began as a Hill Orc Conjurer on May 4, 2023.
             Quit the game on level 2 of the Dungeon.
             The game lasted 00:02:11 (501 turns).

Ekphrasis the Conjurer (Hill Orc Conjurer)           Turns: 501, Time: 00:02:11

Health: 2/20       AC:  2    Str:  9    XL:     2   Next: 41%
Magic:  1/4        EV: 11    Int: 18    God:
Gold:   27         SH:  0    Dex:  9    Spells: 0/4 levels left

rFire   . . .        (no weapon)
rCold   . . .        (no shield)
rNeg    . . .        a - +0 robe
rPois   .            (no helmet)
rElec   .            (no cloak)
rCorr   .            (no gloves)
SInv    .            (no boots)
Will    .....        (no amulet)
Stlth   ++           (no ring)
HPRegen 0.23/turn    (no ring)
MPRegen 0.09/turn

%: no passive effects
@: lethally poisoned (2 -> -2)
A: no striking features
a: no special abilities


You were on level 2 of the Dungeon.
You visited 1 branch of the dungeon, and saw 2 of its levels.

You collected 27 gold pieces.

Inventory:

Armour
 a - a +0 robe (worn)


   Skills:
 * Level 1.6 Dodging
 * Level 1.6 Stealth
 * Level 1.6 Spellcasting
 * Level 4.4 Conjurations
 * Level 0.1 Necromancy


You couldn't memorise any spells.
You knew the following spells:

 Your Spells              Type           Power      Damage    Failure   Level
a - Magic Dart            Conj           68%        1d6       3%          1
b - Searing Ray           Conj           34%        2d5       4%          2
c - Kiss of Death         Conj/Necr      36%        2d8       8%          1

Your spell library contained the following spells:

 Spells                   Type           Power      Damage    Failure   Level
 Dazzling Flash           Conj/Hex       18%        N/A       22%         3
 Confusing Touch          Hex            1%         N/A       50%         3
 Fulminant Prism          Conj/Hex       4%         3d5       58%         4
 Iskenderun's Mystic Bla  Conj/Tloc      9%         2d4       58%         4
 Dispel Undead            Necr           1%         3d6       87%         4


Dungeon Overview and Level Annotations

Branches:
Dungeon (2/15)

Altars:


Message History

Confirm with . or Enter, or press ? or * to list all spells.
Aiming: Magic Dart (safe; 3% risk of failure)
Press: ? - help, Shift-Dir - straight line, f/p - adder
Aim: an adder (100% to hit)
The magic dart hits the adder.
The adder is lightly wounded.
The adder barely misses you.
Unknown command.
The adder bites you. The adder attacks as you move away! The adder bites you.
The adder completely misses you.
Your magical contamination has completely faded away.
As you read the scroll labelled KUTEGRE FOV, it crumbles to dust.
It is a scroll of identify.
You don't currently have any unidentified items.
The adder closely misses you.
You aren't carrying any scrolls.
The adder attacks as you move away! The adder bites you.
You are poisoned.
The adder poisons you!
You feel sick.
An endoplasm comes into view.
You feel sick.
The endoplasm quivers.
The adder closely misses you. The adder attacks as you move away!
The adder closely misses you.
You feel sick. The adder attacks as you move away! The adder bites you.
Found 4 stones.
You feel sick. The adder attacks as you move away! The adder bites you.
* * * LOW HITPOINT WARNING * * *
You are lethally poisoned!
The adder poisons you!
* * * LOW HITPOINT WARNING * * *
You feel sick. The adder barely misses you. The endoplasm barely misses you.
You aren't carrying any potions.
Save game and exit?
Okay, then.
Save game and exit?
Okay, then.
Are you sure you want to abandon this character and quit the game? (Confirm with "yes".)

#.# # #.# .# ##.###. ##
...... .. ....
..##.##..######
........J......
....(..@.# #.######S#
#. #.# .# #. #.# .# #.
#.# .######
#.######.#### .......
#...........# ...?...
##.#####.#.<####.....[.
#.# #.#......<..(...


You could see an adder and an endoplasm.

Vanquished Creatures
  A ball python (D:1)
  An endoplasm (D:1)
  A giant cockroach (D:1)
  A goblin (D:1)
  A hobgoblin (D:1)
  A kobold (D:2)
  A quokka (D:1)
  2 bats (D:1)
  3 rats
12 creatures vanquished.

Notes
Turn   | Place    | Note
-------+----------+-------------------------------------------
     0 | D:1      | Ekphrasis the Hill Orc Conjurer began the quest for the
                  | Orb.
     0 | D:1      | Reached XP level 1. HP: 14/14 MP: 3/3
   343 | D:1      | Reached XP level 2. HP: 20/20 MP: 2/4
   346 | D:1      | Learned a level 2 spell: Searing Ray
   468 | D:2      | Learned a level 1 spell: Kiss of Death
   501 | D:2      | Quit the game

Illustrated notes

Levels and vault maps discovered:
D:1:      minmay_arrival_four_circles, layout_basic
D:2:      layout_loops_ring, uniq_jessica

Action                     || total
---------------------------++-------
   Cast: Magic Dart        ||    13
         Searing Ray       ||     4
    Use: Potion            ||     1
         Scroll            ||     1
 Armour: Robe              ||     1
  Dodge: Dodged            ||    13
